 Dungeon Crawl Stone Soup version 0.20-a0-809-gaf7f668 (webtiles) character file.

424 Goblin1989 the Slasher (level 6, 0/48 HPs)
             Began as a Barachian Fighter on Mar 3, 2017.
             Was a Follower of Okawaru.
             Killed by nerve-wracking pain
             ... invoked by an orc priest
              (11 damage)
             ... on level 4 of the Dungeon.
             The game lasted 00:08:43 (4014 turns).

Goblin1989 the Slasher (Barachian Fighter)          Turns: 4014, Time: 00:08:44

Health: 0/48       AC:  8    Str: 19    XL:     6   Next: 96%
Magic:  6/6        EV:  8    Int:  8    God:    Okawaru [*.....]
Gold:   352        SH:  9    Dex: 12    Spells: 5/5 levels left

rFire    . . .     SeeInvis .   a - +0 long sword
rCold    . . .     Gourm    .   b - +0 scale mail
rNeg     . . .     Faith    .   c - +0 shield
rPois    .         Spirit   .   (no helmet)
rElec    .         Reflect  .   l - +0 cloak
rCorr    .         Harm     .   (no gloves)
MR       .....                  (no boots)
Stlth    ..........             f - amulet of magic regeneration
Regen    0.2/turn               (no ring)
MPRegen  0.2/turn               (no ring)

@: lethally poisoned (0 -> -10), slow
A: +LOS, swims, slowness 1, strong legs 1
a: Hop, Heroism, Renounce Religion


You were on level 4 of the Dungeon.
You worshipped Okawaru.
Okawaru was aware of your devotion.
You were not hungry.

You visited 1 branch of the dungeon, and saw 4 of its levels.

You collected 352 gold pieces.

Inventory:

Hand Weapons
 a - a +0 long sword (weapon)
Missiles
 x - 4 javelins (quivered)
 Z - a throwing net {!d, =f}
Armour
 b - a +0 scale mail (worn)
 c - a +0 shield (worn)
 l - a +0 cloak (worn)
 v - a +0 pair of gloves
Jewellery
 f - an amulet of magic regeneration (around neck)
 q - an uncursed ring of ice {unknown}
Scrolls
 h - a scroll of amnesia {unknown}
 p - a scroll of remove curse {@r2}
 r - a scroll of fear {unknown}
 u - a scroll of recharging {unknown}
 T - a scroll of teleportation
Potions
 d - 3 potions of might
 j - a potion of ambrosia {unknown}
 k - 2 potions of resistance
 o - a potion of flight {unknown}
Comestibles
 e - 5 bread rations {@e1}


   Skills:
 + Level 4.3 Fighting
 * Level 6.8 Long Blades
 + Level 4.4 Armour
 + Level 2.2 Dodging
 + Level 4.0 Shields


You had 5 spell levels left.
You didn't know any spells.

Dungeon Overview and Level Annotations

Branches:
Dungeon (4/15)
 Temple: D:4-7

Altars:
Okawaru
Trog
Wu Jian


Innate Abilities, Weirdness & Mutations

Shadows flee at your approach. (+LOS)
You can swim through water.
You cover ground slowly.
You can hop short distances.


Message History

The orc throws a stone.
The stone hits you. You block the orc wizard's attack.
The orc priest calls down the wrath of Beogh upon you.
Pain shoots through your body!
The orc throws a stone.
The stone hits you.
You closely miss the orc wizard.
The orc wizard is almost dead.
The orc wizard barely misses you. You block the orc priest's attack.
The orc throws a stone.
The stone hits you but does no damage. You block the orc wizard's attack.
You hit the orc wizard but do no damage.
The orc wizard is almost dead.
The orc throws a stone.
The stone hits you but does no damage.
The orc priest hits you from afar with a trident.
The orc wizard hits you but does no damage.
You take 18 damage, and have 30/48 hp.
O_OOPS!!
MASSIVE DAMAGE!!
You gain the combat prowess of a mighty hero.
The orc throws a stone.
The stone closely misses you. You block the orc priest's attack.
The orc wizard casts a spell at you. The puff of flame hits you!
You now have 4/6 mp.
You completely miss the orc wizard.
The orc wizard is almost dead.
The orc throws a stone.
The stone barely misses you.
The orc wizard gestures at you while chanting.
The magic dart hits you! The orc priest barely misses you.
You take 3 damage, and have 27/48 hp.
Unknown command.
Unknown command.
The orc hits you but does no damage. The orc wizard closely misses you.
The orc priest hits you with a trident.
You take 1 damage, and have 26/48 hp.
You hit the orc priest.
The orc priest is lightly wounded.
The orc hits you but does no damage.
The orc wizard points at you and mumbles some strange words.
You are confused.
Unknown command.
You bump into the rock wall.
The orc priest closely misses you. The orc closely misses you.
The orc wizard hits you but does no damage.
Unknown command.
You closely miss the orc priest.
The orc priest is lightly wounded.
The orc priest hits you but does no damage.
The orc hits you but does no damage. The orc wizard completely misses you.
Unknown command.
The orc priest barely misses you. The orc hits you but does no damage.
You bump into the rock wall.
The orc priest misses you. The orc closely misses you.
The orc wizard hits you with a dagger of venom.
You are poisoned.
You take 2 damage, and have 25/48 hp.
Unknown command.
It was a potion of curing.
You feel better. The orc priest barely misses you. You block the orc's attack.
The orc wizard casts a spell at you.
You are confused.
You regained 8 hp, and now have 33/48 hp.
You bump into the rock wall.
You feel like a meek peon again.
The orc priest hits you but does no damage.
The orc hits you but does no damage. The orc wizard barely misses you.
Unknown command.
The orc priest closely misses you.
The orc wizard hits you with a dagger of venom.
You are poisoned.
You see here 4 stones.
Unknown command.
You bump into the rock wall.
You feel sick. The orc hits you but does no damage.
The orc wizard hits you but does no damage.
You are more poisoned.
The orc priest barely misses you.
You take 1 damage, and have 32/48 hp.
You closely miss the orc wizard.
The orc wizard is almost dead.
You feel sick. The orc hits you but does no damage.
The orc wizard hits you but does no damage.
You are more poisoned.
The orc priest barely misses you.
You take 1 damage, and have 31/48 hp.
MP restored: 6 You feel less confused.
You feel sick. The orc barely misses you.
You riposte.
You barely miss the orc.
The orc priest calls down the wrath of Beogh upon you.
Pain shoots through your body!
* * * LOW HITPOINT WARNING * * *
You take 14 damage, and have 17/48 hp.
O_OOPS!!
MASSIVE DAMAGE!!
You hit the orc wizard.
You kill the orc wizard!
Okawaru accepts your kill.
You feel sick. The orc barely misses you. The orc priest barely misses you.
The orc hits you.
* * * LOW HITPOINT WARNING * * *
You take 4 damage, and have 13/48 hp.
* * * LOW HITPOINT WARNING * * *
You feel sick.
The orc priest invokes the aid of Beogh against you.
Pain shoots through your body!
You die...

██.. █. █.█ █...██.█
█.█ ███.
█.......█████.████....
.....................
.................█ [.
.............(...██ █.
........█..(█.....█ █.
.......█o.(████...██
█. ........@)██
██...█████.
.......o.██ ██........
........██ ██..█.....
........ █..███....
.......█ ██..██.....
.......
███████..███..███
.......
.........██..██ █
█.....█ ....████....██
█ ███..█ .█ ██...█


You could see an orc priest and an orc.

Vanquished Creatures
  Edmund (D:4)
  A hound (D:4)
  2 orc wizards (D:4)
  Terence (D:2)
  Ijyb (D:2)
  6 adders
  An ooze (D:3)
  4 worms
  3 dart slugs
  A leopard gecko (D:3)
  8 orcs
  3 ball pythons
  2 giant cockroaches
  8 goblins
  11 hobgoblins
  4 jackals (D:3)
  3 quokkas (D:3)
  5 bats
  3 frilled lizards
  11 kobolds
  A leopard gecko skeleton (D:4)
  12 rats
  A fungus (D:3)
93 creatures vanquished.

Vanquished Creatures (others)
  A bat (D:1)
1 creature vanquished.

Grand Total: 94 creatures vanquished

Notes
Turn   | Place    | Note
-------+----------+-------------------------------------------
     0 | D:1      | Goblin1989 the Barachian Fighter began the quest for the Orb.
     0 | D:1      | Reached XP level 1. HP: 18/18 MP: 1/1
    58 | D:1      | Reached skill level 3 in Long Blades
   200 | D:1      | Reached XP level 2. HP: 24/24 MP: 2/2
   761 | D:1      | Reached skill level 4 in Long Blades
   810 | D:1      | Reached XP level 3. HP: 29/29 MP: 3/3
  1202 | D:2      | Noticed Ijyb
  1215 | D:2      | Killed Ijyb
  1215 | D:2      | Reached skill level 5 in Long Blades
  1215 | D:2      | Reached XP level 4. HP: 24/36 MP: 4/4
  1336 | D:2      | Noticed Terence
  1357 | D:2      | Killed Terence
  1496 | D:2      | Found an iron altar of Okawaru.
  1503 | D:2      | Became a worshipper of Warmaster Okawaru
  2093 | D:3      | Reached XP level 5. HP: 42/42 MP: 5/5
  2177 | D:3      | Found an ornate altar of the Wu Jian Council.
  2357 | D:3      | Reached skill level 6 in Long Blades
  2898 | D:3      | Reached skill level 1 in Dodging
  3300 | D:4      | Noticed Edmund
  3348 | D:4      | Reached XP level 6. HP: 41/48 MP: 6/6
  3496 | D:4      | Noticed a moth of wrath
  3498 | D:4      | Found a bloodstained altar of Trog.
  3632 | D:4      | Killed Edmund
  3632 | D:4      | Reached * piety under Okawaru
  4014 | D:4      | Killed from afar by an orc priest

Vault maps used:
D:1:      dpeg_arrival_boxorama, serial_bayou_pond_b, columned_hall_lemuel,
          lemuel_flame_loot_1
D:2:      minmay_wonky_spiral, lemuel_round_altar, first_bread, uniq_iyjb,
          uniq_terence
D:3:      old_standard_altar, minmay_gold_behind_fungi
D:4:      tgw_trog, uniq_edmund, uniq_sigmund

Skill      XL: |  1  2  3  4  5  6 |
---------------+-------------------+-----
Long Blades    | 3 4 5 6 |  6.8
Dodging        | 1 2 |  2.2
Fighting       | 4 |  4.3
Armour         | 4 |  4.4
Shields        | 4 |  4.0

Action                   |  1- 3 |  4- 6 || total
-------------------------+-------+-------++-------
Melee: Long sword        |    90 |   278 ||   368
Invok: Heroism           |       |     1 ||     1
  Use: Scroll            |       |     6 ||     6
       Potion            |       |     3 ||     3
  Eat: Chunk             |     2 |     9 ||    11
       Royal jelly       |       |     1 ||     1
Armor: Scale mail        |    27 |   126 ||   153
Dodge: Dodged            |    32 |   109 ||   141
Block: Shield            |    45 |   172 ||   217
       Rpst.: Long sword |     9 |    36 ||    45

Vault maps used:
D:1:      dpeg_arrival_boxorama, serial_bayou_pond_b, columned_hall_lemuel,
          lemuel_flame_loot_1
D:2:      minmay_wonky_spiral, lemuel_round_altar, first_bread, uniq_iyjb,
          uniq_terence
D:3:      old_standard_altar, minmay_gold_behind_fungi
D:4:      tgw_trog, uniq_edmund, uniq_sigmund
